 Dungeon Crawl Stone Soup version 0.20-a0-910-gb611367 (console) character file.

44798 nht the Slicer (level 14, -11/95 HPs)
             Began as a Halfling Berserker on Mar 24, 2017.
             Was an Elder of Trog.
             Hit by a large rock thrown by a stone giant (38 damage)
             ... on level 2 of the Orcish Mines.
             The game lasted 00:43:28 (20260 turns).

nht the Slicer (Halfling Berserker)                Turns: 20260, Time: 00:43:28

Health: -11/95     AC: 15    Str: 20    XL:     14   Next: 67%
Magic:  14/14      EV: 22    Int:  5    God:    Trog [****..]
Gold:   914        SH:  0    Dex: 25    Spells: 13/13 levels left

rFire    + . .     SeeInvis .   b - +0 hunting sling
rCold    . . .     Gourm    .   Z - +1 scale mail of the Swamp {rF+ rN++ Str+2 Int-3}
rNeg     + + .     Faith    .   (shield restricted)
rPois    .         Spirit   .   l - +0 helmet
rElec    .         Reflect  .   i - +0 cloak of Wiyshecs {Int+3 Dex+6} (curse)
rCorr    .         Harm     .   N - +1 pair of gloves
MR       ++...                  (no boots)
Stlth    ++++++....             (no amulet)
Regen    0.3/turn               y - ring of stealth
MPRegen  0.2/turn               q - ring of protection from magic

@: no status effects
A: mutation resistance 1
a: Berserk, Trog's Hand, Brothers in Arms, Burn Spellbooks, Renounce Religion


You were on level 2 of the Orcish Mines.
You worshipped Trog.
Trog was greatly pleased with you.
You were hungry.

You visited 3 branches of the dungeon, and saw 19 of its levels.

You collected 1473 gold pieces.
You spent 559 gold pieces at shops.

Inventory:

Hand Weapons
 a - a +2 rapier of speed
 b - a +0 hunting sling (weapon)
 w - a +0 blowgun
 C - a +4 scimitar of flaming
 E - the +8 mace of Fookkew {drain, +Fly Dex+4 SInv}
   (You found it on level 9 of the Dungeon)

   A truly terrible weapon, it drains the life of those it strikes.
   It affects your dexterity (+4).
   It lets you see invisible.
   It lets you fly.
Missiles
 e - 80 poisoned needles
 D - 4 needles of confusion
 H - 5 tomahawks
 K - 6 curare-tipped needles
 P - 140 sling bullets (quivered)
 S - 8 tomahawks of dispersal
 V - 6 exploding tomahawks
Armour
 h - a +2 leather armour of poison resistance
 i - the cursed +0 cloak of Wiyshecs (worn) {Int+3 Dex+6}
   (You found it on level 6 of the Lair of Beasts)

   It affects your intelligence (+3).
   It affects your dexterity (+6).
   It has a curse placed upon it.
 l - a +0 helmet (worn)
 N - a +1 pair of gloves (worn)
 Z - the +1 scale mail of the Swamp (worn) {rF+ rN++ Str+2 Int-3}
   (You bought it in a shop on level 4 of the Dungeon)

   It affects your strength (+2).
   It affects your intelligence (-3).
   It protects you from fire.
   It greatly protects you from negative energy.
Jewellery
 q - a ring of protection from magic (left hand)
 y - a ring of stealth (right hand)
 W - an uncursed ring of protection from fire
 X - an uncursed ring of see invisible
Wands
 J - a wand of lightning (8/15)
 T - a wand of confusion (16/48)
 U - a wand of digging (6/24)
 Y - a wand of clouds (3/9)
Scrolls
 d - 3 scrolls of immolation
 g - 5 scrolls of fog
 k - 7 scrolls of remove curse
 p - 2 scrolls of blinking
 r - a scroll of holy word
 s - a scroll of teleportation
 u - a scroll of magic mapping
 M - a scroll of vulnerability
 O - 3 scrolls of recharging
Potions
 j - 5 potions of curing
 m - 3 potions of agility
 n - 3 potions of flight
 o - 3 potions of heal wounds
 z - 2 potions of might
 A - 4 potions of ambrosia
 B - 2 potions of haste
 G - a potion of berserk rage
 L - 3 potions of brilliance {unknown}
 Q - 3 potions of mutation {unknown}
 R - a potion of lignification
Miscellaneous
 v - a phial of floods
 x - a box of beasts
Comestibles
 c - 17 bread rations
 f - 8 royal jellies
 t - 9 meat rations
 F - 7 chunks of flesh
 I - 2 fruits


   Skills:
 + Level 8.7 Fighting
 - Level 14.0 Short Blades
 - Level 14.0 Slings
 + Level 10.1 Armour
 + Level 10.3 Dodging
 - Level 13.0 Stealth


You had 13 spell levels left.
You didn't know any spells.

Dungeon Overview and Level Annotations

Branches:
Dungeon (11/15)            Temple (0/1) D:5            Lair (6/6) D:11
  Swamp (0/4) Lair:2       Spider (0/4) Lair:2        Slime (0/5) Lair:6
    Orc (2/2) D:10            Elf (0/3) Orc:2

Altars:
Elyvilon
Fedhas
Gozag
Kikubaaqudgha
Makhleb
Nemelex Xobeh
Okawaru
Ru
Sif Muna
Uskayaw
Wu Jian
Xom
Yredelemnul
Zin
Beogh
Jiyva

Shops:
D:4 *   D:9 (   Orc:1 =

Annotations:
Lair:2 exclusion: oklob plant
Lair:6 1 runed door


Innate Abilities, Weirdness & Mutations

You are small and have problems with some larger weapons.
You are somewhat resistant to further mutation.


Message History

Firing (i - inventory. (,) - cycle):
P - 141 sling bullets (quivered)
Press: ? - help, Shift-Dir - straight line, f - ettin
Aim: an ettin, wielding a great mace and a dire flail (resting)
You shoot a sling bullet.
The sling bullet hits the ettin but does no damage.
The ettin shouts in stereo!
Your ogre goes berserk!
You feel quite a bit more hungry.
The stone giant throws a large rock.
The large rock hits you!!
Your ogre goes berserk!
You are feeling hungry.
The stone giant throws a large rock.
The large rock misses you. The large rock hits your ogre!!!
Your ogre dies!
Your ogre's corpse disappears in a puff of smoke!
The stone giant throws a large rock.
The large rock hits you!!!
* * * LOW HITPOINT WARNING * * *
You see here a large rock.
The stone giant throws a large rock.
The large rock hits you!!!
You die...

...... █........ ......█
.........
.......██§§............██
█.....█.§....█ ........██
█......(..§..███........█
...█.O......███..........
█.C....(.....█...........
█............█.........█
█$...█...@............█
....C.██..........<..█
...... ██......).....██
..... █.......).....█
.(... ██.^)).....█.██
██...)...████ ███....██
██.███ ███


You could see a stone giant and a friendly ogre (berserk).

Vanquished Creatures
  Erolcha (D:9)
  5 hydras
  The ghost of Klosterheim the Devastator, a journeyman DEWz of Sif Muna (Orc:2)
  Erica (D:8)
  The ghost of galech the Grappler, a novice TrMo of Cheibriados (D:8)
  2 two-headed ogres
  2 death yaks (Lair:6)
  The ghost of DEFE the Nimble, a journeyman DEAK of Lugonu (D:10)
  An orc high priest (Orc:1)
  A fire crab (Lair:5)
  A lindwurm (Lair:6)
  2 orc knights (Orc:1)
  2 wolf spiders (Lair:6)
  An orc sorcerer (Orc:1)
  2 ugly things (D:11)
  2 elephants (Lair:6)
  7 black mambas
  11 spiny frogs
  A rime drake (Lair:6)
  5 komodo dragons
  3 trolls (D:10)
  2 hornets
  Grinder (D:3)
  11 blink frogs
  2 polar bears
  12 hippogriffs
  2 dream sheep (Lair:6)
  A redback (Lair:2)
  2 wyverns
  A shadow (D:11)
  15 yaks
  6 basilisks
  Edmund (D:6)
  3 wargs
  A soldier ant (D:11)
  Duvessa (D:7)
  7 porcupines
  9 water moccasins
  9 orc warriors
  2 sky beasts
  An ice beast (D:7)
  2 black bears
  2 phantoms
  13 wolves
  4 ogres
  12 crocodiles
  4 centaurs
  2 big kobolds
  12 bullfrogs
  A gnoll sergeant (D:9)
  Dowan (D:7)
  A water moccasin skeleton (D:6)
  3 wyvern skeletons
  2 scorpions
  18 killer bees
  8 wights
  3 centaur zombies
  4 crimson imps
  6 orc priests
  5 bullfrog skeletons
  Crazy Yiuf (D:6)
  7 hounds
  2 jellies
  9 orc wizards
  3 centaur skeletons
  2 iguanas
  7 worker ants
  A killer bee zombie (D:6)
  A hound zombie (D:7)
  A hound skeleton (D:5)
  2 worker ant zombies
  Robin (D:3)
  8 gnolls
  A howler monkey skeleton (D:11)
  10 adders
  A shadow imp (D:5)
  An ooze (D:2)
  An adder skeleton (D:5)
  6 dart slugs
  3 leopard geckos
  46 orcs
  11 bats
  5 giant cockroaches
  19 goblins
  7 hobgoblins
  9 jackals
  17 kobolds
  6 quokkas
  9 frilled lizards
  9 rats
451 creatures vanquished.

Vanquished Creatures (collateral kills)
  A dire elephant (Lair:6)
  The ghost of Duffy the Cleaver, a journeyman NaGl of Makhleb (Lair:1)
  A hydra (Lair:4)
  A death yak (Lair:6)
  The ghost of anet the Covered, a novice HaWz of Ashenzari (D:9)
  A wolf spider (Lair:6)
  A black mamba (Lair:4)
  A spiny frog (Lair:6)
  A rime drake (Lair:6)
  A komodo dragon (Lair:2)
  A water moccasin (Lair:5)
  4 wolves (Lair:5)
  3 orcs (Orc:1)
  A fungus (Lair:5)
19 creatures vanquished.

Vanquished Creatures (others)
  A basilisk (Lair:5)
  10 fungi
  9 plants
20 creatures vanquished.

Grand Total: 490 creatures vanquished

Notes
Turn   | Place    | Note
-------+----------+-------------------------------------------
     0 | D:1      | nht the Halfling Berserker began the quest for the Orb.
     0 | D:1      | Reached XP level 1. HP: 15/15 MP: 1/1
    81 | D:1      | Reached XP level 2. HP: 13/20 MP: 2/2
   558 | D:1      | Reached XP level 3. HP: 25/25 MP: 3/3
   594 | D:1      | Reached skill level 5 in Short Blades
   665 | D:1      | Reached ** piety under Trog
  1397 | D:2      | Reached XP level 4. HP: 23/30 MP: 4/4
  2209 | D:2      | Reached XP level 5. HP: 23/35 MP: 5/5
  2476 | D:3      | Noticed Robin
  2480 | D:3      | Reached *** piety under Trog
  2492 | D:3      | Killed Robin
  2768 | D:3      | Noticed Grinder
  2778 | D:3      | Killed Grinder
  2778 | D:3      | Reached XP level 6. HP: 41/41 MP: 6/6
  3424 | D:4      | Found Hoaf's Assorted Antiques.
  3431 | D:4      | Bought a scroll labeled APAIHAT TIP for 25 gold pieces
  3431 | D:4      | Bought a scroll labeled NADAK UKHE BAKHLEOMN for 25 gold pieces
  3431 | D:4      | Bought a brown potion for 22 gold pieces
  3505 | D:4      | Reached XP level 7. HP: 45/45 MP: 7/7
  4055 | D:4      | Reached **** piety under Trog
  4142 | D:4      | Found an ancient bone altar of Kikubaaqudgha.
  4142 | D:4      | Found a blossoming altar of Fedhas.
  4202 | D:5      | Entered Level 5 of the Dungeon
  4269 | D:5      | Reached skill level 10 in Short Blades
  4362 | D:5      | Reached XP level 8. HP: 51/51 MP: 8/8
  4701 | D:5      | Noticed a hippogriff
  4713 | D:5      | Killed a hippogriff
  4815 | D:5      | Found an iron altar of Okawaru.
  4835 | D:5      | Found a staircase to the Ecumenical Temple.
  4989 | D:5      | Found an opulent altar of Gozag.
  5046 | D:5      | Found a deep blue altar of Sif Muna.
  5047 | D:5      | Found a shimmering altar of Xom.
  5047 | D:5      | Found a sacrificial altar of Ru.
  5047 | D:5      | Found an ornate altar of the Wu Jian Council.
  5048 | D:5      | Found a burning altar of Makhleb.
  5059 | D:5      | Found a glowing silver altar of Zin.
  5060 | D:5      | Found a hide-covered altar of Uskayaw.
  5270 | D:6      | Found a basalt altar of Yredelemnul.
  5542 | D:6      | Noticed Edmund
  5559 | D:6      | Killed Edmund
  5559 | D:6      | Reached XP level 9. HP: 55/55 MP: 9/9
  5603 | D:6      | Found a runed door.
  5760 | D:6      | Found a white marble altar of Elyvilon.
  5872 | D:6      | Noticed Crazy Yiuf
  5877 | D:6      | Killed Crazy Yiuf
  6050 | D:4      | Bought 3 scrolls labeled ECSENA PERUE for 75 gold pieces
  6264 | D:7      | Noticed Duvessa
  6265 | D:7      | Noticed Dowan
  6272 | D:7      | Killed Duvessa
  6278 | D:7      | Killed Dowan
  6859 | D:7      | Reached skill level 1 in Stealth
  7098 | D:8      | Reached ***** piety under Trog
  7128 | D:8      | Noticed galech's ghost (novice TrMo)
  7143 | D:8      | Killed galech's ghost
  7143 | D:8      | Reached XP level 10. HP: 61/61 MP: 10/10
  7264 | D:8      | Noticed Erica
  7270 | D:8      | Killed Erica
  7770 | D:9      | Reached skill level 1 in Slings
  8018 | D:9      | Noticed anet's ghost (novice HaWz)
  8028 | D:9      | Got a faintly glowing mace
  8056 | D:9      | Killed anet's ghost
  8127 | D:9      | Reached skill level 5 in Slings
  8383 | D:9      | Found Hootiquf's Weapon Emporium.
  8558 | D:9      | Found a sparkling altar of Nemelex Xobeh.
  8597 | D:9      | Noticed Erolcha
  8634 | D:9      | Reached XP level 11. HP: 67/67 MP: 11/11
  8643 | D:9      | Killed Erolcha
  8643 | D:9      | Reached skill level 10 in Slings
  8779 | D:10     | Entered Level 10 of the Dungeon
  8845 | D:10     | Noticed DEFE's ghost (journeyman DEAK)
  8868 | D:10     | Killed DEFE's ghost
  8948 | D:10     | Found a staircase to the Orcish Mines.
  9213 | D:10     | Noticed a two-headed ogre
  9221 | D:10     | Killed a two-headed ogre
  9597 | D:10     | Identified the +8 mace of Fookkew {drain, +Fly Dex+4 SInv} (You found it on level 9 of the Dungeon)
  9598 | D:10     | fook u
  9945 | D:11     | Noticed a white ugly thing
  9955 | D:11     | Killed a white ugly thing
  9962 | D:11     | Got a faintly humming ring mail
  9981 | D:11     | Identified the +4 ring mail of Indecent Exposure {rF+} (You found it on level 11 of the Dungeon)
 10157 | D:11     | Found a staircase to the Lair.
 10253 | D:11     | Noticed a two-headed ogre
 10269 | D:11     | Reached XP level 12. HP: 20/72 MP: 12/12
 10277 | D:11     | Killed a two-headed ogre
 10277 | D:11     | Reached skill level 10 in Stealth
 10608 | Lair:1   | Entered Level 1 of the Lair of Beasts
 10670 | Lair:1   | Noticed a seven-headed hydra
 10677 | Lair:1   | Killed a seven-headed hydra
 11426 | Lair:1   | Noticed Duffy's ghost (journeyman NaGl)
 11447 | Lair:1   | Killed Duffy's ghost
 11955 | Lair:2   | Received a gift from Trog
 11957 | Lair:2   | HP: 2/108 [porcupine's spines (11)]
 11976 | Lair:2   | fuck off
 12304 | Lair:2   | Found a hole to the Spider Nest.
 12509 | Lair:2   | Found a staircase to the Swamp.
 12608 | Lair:2   | Noticed a seven-headed hydra
 12619 | Lair:2   | Killed a seven-headed hydra
 12835 | Lair:2   | Reached skill level 5 in Dodging
 12892 | Lair:2   | Reached XP level 13. HP: 81/81 MP: 13/13
 12914 | Lair:2   | Reached skill level 5 in Armour
 12933 | Lair:2   | Received a gift from Trog
 13168 | Lair:3   | Reached skill level 5 in Fighting
 13242 | Lair:3   | Noticed a five-headed hydra
 13243 | Lair:3   | Killed a five-headed hydra
 14350 | Lair:4   | Noticed a seven-headed hydra
 14354 | Lair:4   | Killed a seven-headed hydra
 15469 | Lair:5   | Noticed a six-headed hydra
 15482 | Lair:5   | Killed a six-headed hydra
 16265 | Lair:6   | Entered Level 6 of the Lair of Beasts
 16306 | Lair:6   | Found a runed door.
 16307 | Lair:6   | Found a viscous altar of Jiyva.
 16320 | Lair:6   | Received a gift from Trog
 16571 | Lair:6   | Reached XP level 14. HP: 89/92 MP: 14/14
 16934 | Lair:6   | Found a staircase to the Slime Pits.
 17718 | Lair:6   | Got a faintly humming cloak
 17745 | Lair:6   | Identified the cursed +0 cloak of Wiyshecs {Int+3 Dex+6} (You found it on level 6 of the Lair of Beasts)
 18024 | Lair:6   | Noticed a dire elephant
 18033 | Lair:6   | Killed a dire elephant
 18034 | Lair:6   | Received a gift from Trog
 18877 | D:4      | Bought a slimy scale mail for 225 gold pieces
 18877 | D:4      | Bought a pair of runed gloves for 187 gold pieces
 18887 | D:4      | Identified the +1 scale mail of the Swamp {rF+ rN++ Str+2 Int-3} (You bought it in a shop on level 4 of the Dungeon)
 19052 | Orc:1    | Entered Level 1 of the Orcish Mines
 19063 | Orc:1    | Found Ograetys's Jewellery Boutique.
 19148 | Orc:1    | Reached skill level 10 in Dodging
 19589 | Orc:2    | Entered Level 2 of the Orcish Mines
 19589 | Orc:2    | Found a staircase to the Elven Halls.
 19599 | Orc:2    | Reached skill level 10 in Armour
 19779 | Orc:2    | Received a gift from Trog
 19933 | Orc:2    | Noticed Klosterheim's ghost (journeyman DEWz)
 19948 | Orc:2    | Killed Klosterheim's ghost
 20117 | Orc:1    | Found a roughly hewn altar of Beogh.
 20249 | Orc:2    | Noticed a stone giant
 20260 | Orc:2    | Hit by a large rock thrown by a stone giant

Vault maps used:
D:1:      scummos_arrival_forest, minmay_pentomino_p2
D:2:      minmay_wonky_spiral
D:3:      grunt_decor_fettered, minmay_distorted, uniq_grinder, uniq_robin
D:4:      grunt_temple_overflow_growth_and_decay, serial_shops,
          nicolae_shop_crystal, first_bread, hangedman_decor_riveting,
          kennysheep_windowed_goal
D:5:      minitemple, temple_green, kennysheep_okawaru_gauntlet
D:6:      kennysheep_ying_yang, uniq_crazy_yiuf_cottage, uniq_edmund
D:7:      patterned_corridor, uniq_duvessa
D:8:      lightli_orcish_oven, uniq_erica
D:9:      nemelex_xobeh_ov_fountains_minmay, serial_shops,
          kennysheep_little_box, uniq_erolcha
D:10:     orc_0_dummy
D:11:     david_lair_shrubbed, lab_entry_generic
Lair:1:   hibernation_bobbens
Lair:2:   beast_lair_carwin_large_3, swamp_mist, spider_nest_entry_rubble,
          lemuel_fruit_fields, minmay_lair_oklob_chamber
Lair:5:   grunt_megastairs_1
Lair:6:   hangedman_lair_in_review, slime_altar_2, serial_bayou_shore_b,
          grunt_megastairs_2, infiniplex_staircase_pool_2
Orc:1:    basic_altar, guppyfry_orc_lava_fort
Orc:2:    st_orc_elflike, mines2_lemuel

Skill      XL: |  1  2  3  4  5  6  7  8  9 10 11 12 13 14 |
---------------+-------------------------------------------+-----
Short Blades   | 4 5 6 8 10 12 14 | 14.0
Stealth        | 6 7 9 13 | 13.0
Fighting       | 3 4 7 8 |  8.7
Armour         | 3 4 8 10 | 10.1
Dodging        | 3 5 8 10 | 10.3
Slings         | 8 14 | 14.0

Action                   |  1- 3 |  4- 6 |  7- 9 | 10-12 | 13-15 || total
-------------------------+-------+-------+-------+-------+-------++-------
Melee: Short sword       |   122 |   191 |       |       |       ||   313
       Rapier            |       |    31 |   336 |   622 |   682 ||  1671
 Fire: Hunting sling     |       |       |       |    12 |   122 ||   134
Invok: Berserk           |     3 |     3 |    13 |    20 |    10 ||    49
       Burn Spellbooks   |       |       |       |     2 |     1 ||     3
       Brothers in Arms  |       |       |       |     4 |     9 ||    13
       Trog's Hand       |       |       |       |     3 |     2 ||     5
Evoke: Wand              |       |       |       |    20 |    15 ||    35
  Use: Scroll            |       |       |    15 |     8 |     8 ||    31
       Potion            |       |       |       |     2 |     3 ||     5
 Stab: Sleeping          |     1 |     1 |     4 |    21 |    35 ||    62
       Invisible         |       |       |       |     7 |     1 ||     8
       Distracted        |       |       |       |     1 |     1 ||     2
       Confused          |       |       |       |       |     1 ||     1
  Eat: Chunk             |     4 |    10 |    13 |    25 |    35 ||    87
       Fruit             |       |       |     4 |       |     1 ||     5
       Meat ration       |       |       |     1 |     3 |       ||     4
Armor: Animal skin       |    24 |       |       |       |       ||    24
       Leather armour    |       |    55 |    38 |    32 |       ||   125
       Skin              |       |       |       |    17 |       ||    17
       Ring mail         |       |       |       |    24 |    58 ||    82
       Scale mail        |       |       |       |       |    25 ||    25
Dodge: Dodged            |   120 |   166 |   118 |   190 |   349 ||   943
